 Dungeon Crawl Stone Soup version 0.28.0-49-g6dfe1f597d (webtiles) character file.

Game seed: 15883515029797108262

18964 klau3 the Severer (level 12, -5/112 HPs)
             Began as a Minotaur Berserker on May 17, 2022.
             Was a Priest of Trog.
             Slain by a merfolk impaler
             ... wielding a +1 demon trident of venom
              (8 damage)
             ... on level 1 of the Shoals.
             The game lasted 00:40:39 (15779 turns).

klau3 the Severer (Minotaur Berserker)             Turns: 15779, Time: 00:40:39

Health: -5/112     AC: 12    Str: 32    XL:     12   Next: 32%
Magic:  11/11      EV: 15    Int:  4    God:    Trog [***...]
Gold:   864        SH:  0    Dex: 17    Spells: 11/11 levels left

rFire   . . .      SeeInvis .   d - +3 battleaxe (vamp)
rCold   . . .      Faith    .   (shield currently unavailable)
rNeg    . . .      Spirit   .   R - +0 scale mail
rPois   .          Reflect  .   (helmet restricted)
rElec   .          Harm     .   (no cloak)
rCorr   .          Rampage  +   v - +1 pair of gloves
Will    .....                   Y - +0 pair of boots {rampage}
Stlth   +.........              (no amulet)
HPRegen 0.28/turn               B - +6 ring of dexterity
MPRegen 0.12/turn               U - +6 ring of strength

@: lethally poisoned (-5 -> -18), about to teleport, weak-willed, on berserk
cooldown, slowed, very slow
A: horns 2, retaliatory headbutt
a: Renounce Religion, Berserk, Trog's Hand


You were on level 1 of the Shoals.
You worshipped Trog.
Trog was most pleased with you.
You visited 3 branches of the dungeon, and saw 12 of its levels.
You also visited: Sewer.

You collected 864 gold pieces.

Inventory:

Hand Weapons
 a - a +0 hand axe
 d - a +3 vampiric battleaxe (weapon)
 f - a +6 spear of freezing
 i - a +0 hand crossbow
 t - a +2 quarterstaff of chaos
 w - a +0 halberd
 y - a +0 war axe
 G - a +0 shortbow
 N - a +4 battleaxe of freezing
 O - a +1 vorpal hand crossbow
 P - a +3 battleaxe
 Q - a +0 vorpal great sword
Missiles
 j - 85 bolts
 E - a poisoned dart (quivered)
 H - 95 arrows
 S - 7 silver javelins
Armour
 b - a +0 animal skin
 h - a +1 leather armour of fire resistance
 p - a +0 ring mail
 v - a +1 pair of gloves (worn)
 R - a +0 scale mail (worn)
 V - a +0 buckler
 Y - a +0 pair of boots of rampaging (worn)
Jewellery
 A - a ring of poison resistance
 B - a +6 ring of dexterity (left hand)
 F - a ring of poison resistance
 I - a ring of willpower
 T - a ring of magical power
 U - a +6 ring of strength (right hand)
Wands
 x - a wand of flame (29)
 M - a wand of polymorph (16)
 X - a wand of acid (6)
Scrolls
 e - 3 scrolls of teleportation
 g - a scroll of magic mapping
 n - 3 scrolls of amnesia
 q - 3 scrolls of noise
 r - a scroll of silence
 u - 3 scrolls of fog
 C - a scroll of fear {unknown}
 D - 3 scrolls of blinking {unknown}
 K - 3 scrolls of enchant armour
 W - a scroll of summoning {unknown}
Potions
 c - 2 potions of attraction
 k - 2 potions of curing {unknown}
 l - a potion of might {unknown}
 m - a potion of berserk rage {unknown}
 o - 3 potions of ambrosia {unknown}
 s - 4 potions of flight {unknown}
 z - 3 potions of lignification {unknown}
 J - 4 potions of heal wounds {unknown}
 L - 5 potions of brilliance


   Skills:
 + Level 11.9 Fighting
 + Level 16.5 Axes
 + Level 1.0 Bows
 + Level 10.6 Armour
 + Level 7.6 Dodging
 + Level 3.6 Stealth
 + Level 2.4 Unarmed Combat


You had 11 spell levels left.
You didn't know any spells.
Your spell library was empty.

Dungeon Overview and Level Annotations

Branches:
Dungeon (9/15)             Temple (0/1) D:7            Lair (2/6) D:9
 Shoals (1/4) Lair:2        Sewer (visited)
  Snake: Lair:2-4    Spider: Lair:2-4       Orc: D:9-12

Altars:
Ashenzari
Dithmenos
Elyvilon
Qazlal
Xom
Zin
The Shining One

Shops:
D:8 *

Annotations:
D:8 1 runed translucent door, pkoi's ghost, novice DgGl


Innate Abilities, Weirdness & Mutations

You have a pair of horns on your head.
You reflexively headbutt those who attack you in melee.


Message History

You feel very sick.
The merfolk hits you from afar with a +0 glaive!
* * * LOW HITPOINT WARNING * * *
The merfolk closely misses you. The merfolk impaler barely misses you.
The merfolk misses you.
You are too berserk!
You miss the merfolk impaler.
Your headbutt misses the merfolk impaler.
You feel very sick. The merfolk impaler closely misses you.
You furiously retaliate!
You headbutt the merfolk impaler, but do no damage.
The faun casts a spell at you.
Your willpower is stripped away!
The merfolk hits you from afar with a +0 trident.
* * * LOW HITPOINT WARNING * * *
The merfolk misses you.
The merfolk hits you from afar with a +0 glaive!
* * * LOW HITPOINT WARNING * * *
The merfolk barely misses you.
The merfolk impaler hits you with a +1 demon trident of venom.
* * * LOW HITPOINT WARNING * * *
You are lethally poisoned!
* * * LOW HITPOINT WARNING * * *
You feel very sick.
The merfolk impaler hits you but does no damage.
You feel a strong urge to attack something.
You are no longer berserk.
You are exhausted.
You feel yourself slow down.
* * * LOW HITPOINT WARNING * * *
You feel very sick. The merfolk impaler misses you.
You see here a throwing net.
As you read the scroll of teleportation, it crumbles to dust.
You feel strangely unstable.
* * * LOW HITPOINT WARNING * * *
You feel extremely sick. The merfolk closely misses you.
The merfolk impaler hits you from afar with a +1 demon trident of venom!
You die...

.....##..P..P.P..##.≈≈≈≈≈≈≈
#..................≈≈≈≈≈≈≈
#..)........c.....≈≈≈≈≈≈≈
##.##:.##..##..##.≈≈≈≈≈≈≈
#..#..##..##..##.≈≈≈≈≈≈≈
#................≈≈≈≈≈≈≈
#...........≈≈≈m≈≈≈≈≈≈≈≈
#...[..........m≈≈≈≈≈≈≈≈
##............@.mm≈≈≈≈≈≈m
##...............m≈≈≈≈≈≈.m
.≈≈≈..............≈...≈≈≈≈m
≈≈≈≈≈≈................≈≈≈≈≈
≈≈≈≈≈≈≈≈...............≈≈≈
≈≈≈≈≈≈≈≈.................≈
≈.≈≈≈≈≈≈≈...........#...≈≈
..≈≈≈≈≈≈≈≈.#............≈k
..≈≈≈≈≈≈≈..#.....^.......≈


You could see a merfolk impaler, 4 merfolk and a faun.

Vanquished Creatures
  A minotaur (Lair:2)
  2 hydras
  A two-headed ogre (D:9)
  2 sea snakes (Shoals:1)
  Pikel (D:4)
  A faun (Shoals:1)
  A manticore (Lair:2)
  Joseph (D:7)
  3 black mambas (Lair:2)
  A cane toad (Lair:2)
  3 komodo dragons
  A kobold demonologist (D:7)
  A troll (D:7)
  A polar bear (Lair:2)
  2 wind drakes
  6 slime creatures (D:7)
  2 wyverns
  Sigmund (D:2)
  16 yaks (Lair:2)
  Grum (Lair:1)
  11 water moccasins
  A sky beast (D:6)
  3 black bears
  2 hornet zombies (D:7)
  3 ice beasts
  An ogre (D:6)
  2 necrophages
  3 wolves (Lair:1)
  4 centaurs
  A phantom (D:4)
  14 bullfrogs
  Blork the orc (D:4)
  A gnoll sergeant (D:8)
  3 scorpions
  A wyvern skeleton (D:7)
  13 wights
  A killer bee (D:7)
  6 howler monkeys
  2 bullfrog zombies
  4 centaur zombies
  4 hounds
  2 orc priests (D:9)
  2 gnoll shamans
  Crazy Yiuf (D:3)
  Natasha (thrice) (D:3)
  4 orc wizards
  A howler monkey zombie (D:8)
  11 gnolls
  3 adders
  2 howler monkey skeletons (D:7)
  A shadow imp (D:6)
  A white imp (D:5)
  2 ufetubi
  A worm (D:4)
  5 dart slugs
  18 orcs
  5 bats
  15 endoplasms
  16 giant cockroaches
  9 goblins
  15 hobgoblins
  10 jackals
  10 quokkas
  14 ball pythons
  9 frilled lizards
  5 kobolds
  3 rats
297 creatures vanquished.

Vanquished Creatures (collateral kills)
  A hydra (D:6)
  Maggie (D:7)
2 creatures vanquished.

Vanquished Creatures (others)
  Maurice (D:9)
  33 fungi
  62 plants
96 creatures vanquished.

Grand Total: 395 creatures vanquished

Notes
Turn   | Place    | Note
-------+----------+-------------------------------------------
     0 | D:1      | klau3 the Minotaur Berserker began the quest for the Orb.
     0 | D:1      | Reached XP level 1. HP: 19/19 MP: 0/0
   410 | D:1      | Reached XP level 2. HP: 26/27 MP: 1/1
   443 | D:1      | Reached skill level 4 in Axes
  1091 | D:1      | Reached ** piety under Trog
  1092 | D:1      | Reached XP level 3. HP: 30/33 MP: 2/2
  1272 | D:2      | Found a faded altar of an unknown god.
  1390 | D:2      | Noticed Sigmund
  1398 | D:2      | Killed Sigmund
  1399 | D:2      | Reached skill level 5 in Fighting
  1399 | D:2      | Reached skill level 5 in Axes
  1399 | D:2      | Reached XP level 4. HP: 27/42 MP: 3/3
  1399 | D:2      | Reached XP level 5. HP: 31/48 MP: 4/4
  2550 | D:2      | Reached skill level 1 in Stealth
  2978 | D:3      | Noticed Natasha
  2994 | D:3      | Killed Natasha
  2997 | D:3      | Reached XP level 6. HP: 50/56 MP: 5/5
  3308 | D:3      | Noticed Natasha
  3322 | D:3      | Reached skill level 6 in Axes
  3324 | D:3      | Killed Natasha
  3615 | D:3      | Found a runed translucent door.
  3616 | D:3      | Noticed Crazy Yiuf
  4012 | D:3      | Noticed Natasha
  4020 | D:3      | Killed Natasha
  4126 | D:3      | Killed Crazy Yiuf
  4369 | D:4      | Noticed Pikel
  4386 | D:4      | Killed Pikel
  4387 | D:4      | Reached skill level 7 in Axes
  4387 | D:4      | Reached XP level 7. HP: 63/63 MP: 6/6
  4560 | D:4      | Reached skill level 5 in Armour
  4662 | D:4      | Noticed Blork the orc
  4674 | D:4      | Killed Blork the orc
  4675 | D:4      | Reached XP level 8. HP: 70/70 MP: 7/7
  4730 | D:4      | Reached skill level 8 in Axes
  5034 | D:5      | Entered Level 5 of the Dungeon
  5072 | D:5      | Found a glowing drain.
  5110 | Sewer    | Entered a sewer
  5129 | Sewer    | Reached *** piety under Trog
  5492 | D:5      | Reached skill level 5 in Dodging
  5800 | D:5      | Reached skill level 9 in Axes
  5899 | D:5      | Reached **** piety under Trog
  7113 | D:6      | Reached XP level 9. HP: 79/79 MP: 8/8
  7332 | D:6      | Found a glowing silver altar of Zin.
  7423 | D:6      | Reached skill level 10 in Axes
  7585 | D:6      | Noticed a seven-headed hydra
  7595 | D:6      | Killed a seven-headed hydra
  7980 | D:7      | Noticed Maggie
  7991 | D:7      | Killed Maggie
  8047 | D:7      | Found a stormy altar of Qazlal.
  8049 | D:7      | Found a glowing golden altar of the Shining One.
  8050 | D:7      | Found a broken altar of Ashenzari.
  8050 | D:7      | Found a shadowy altar of Dithmenos.
  8050 | D:7      | Found a white marble altar of Elyvilon.
  8050 | D:7      | Found a shimmering altar of Xom.
  8159 | D:7      | Reached skill level 11 in Axes
  8240 | D:7      | Reached XP level 10. HP: 90/90 MP: 9/9
  8297 | D:7      | Found a staircase to the Ecumenical Temple.
  8425 | D:7      | Noticed a rust devil
  8438 | D:7      | Noticed a rust devil
  8820 | D:7      | Noticed Joseph
  8934 | D:7      | Reached skill level 12 in Axes
  8945 | D:7      | Killed Joseph
  8946 | D:7      | Reached skill level 1 in Bows
  9200 | D:7      | Noticed an eight-headed hydra
  9205 | D:7      | Killed an 11-headed hydra
  9206 | D:7      | Reached skill level 1 in Unarmed Combat
  9660 | D:7      | Reached skill level 13 in Axes
  9662 | D:7      | Reached skill level 10 in Fighting
  9973 | D:8      | Found Doiw's Fire Supplies.
 10324 | D:8      | Found a runed translucent door.
 10357 | D:8      | Noticed pkoi's ghost (novice DgGl)
 10894 | D:8      | Reached XP level 11. HP: 97/97 MP: 10/10
 11508 | D:9      | Noticed Maurice
 11529 | D:9      | Killed Maurice
 11727 | D:9      | Identified a scroll of acquirement
 11728 | D:9      | Acquired a +3 vampiric battleaxe
 11739 | D:9      | Noticed a two-headed ogre
 11748 | D:9      | Killed a two-headed ogre
 12050 | D:9      | Reached skill level 14 in Axes
 12095 | D:9      | Found a staircase to the Lair.
 12381 | Lair:1   | Entered Level 1 of the Lair of Beasts
 12426 | Lair:1   | Noticed Grum
 12438 | Lair:1   | Killed Grum
 13230 | Lair:2   | Found a runed translucent door.
 13386 | Lair:2   | Noticed a minotaur
 13392 | Lair:2   | Killed a minotaur
 13799 | Lair:2   | Reached skill level 15 in Axes
 14066 | Lair:2   | Reached skill level 10 in Armour
 14066 | Lair:2   | Reached XP level 12. HP: 110/110 MP: 11/11
 14218 | Lair:2   | Noticed a six-headed hydra
 14228 | Lair:2   | Killed a ten-headed hydra
 14322 | Lair:2   | Found a staircase to the Shoals.
 14338 | Lair:2   | Reached skill level 16 in Axes
 15243 | Shoals:1 | Entered Level 1 of the Shoals
 15766 | Shoals:1 | Noticed a merfolk impaler
 15779 | Shoals:1 | HP: 3/112 [poisoned by a merfolk impaler]
 15779 | Shoals:1 | Slain by a merfolk impaler

Illustrated notes

Levels and vault maps discovered:
D:1:      nagdon_arrival_zigzag_paths, layout_basic
D:2:      layout_basic, serial_forest, infiniplex_forest_straight_2,
          infiniplex_forest_straight_4, infiniplex_forest_lined_2,
          infiniplex_forest_straight_3, infiniplex_forest_clump_tiny,
          infiniplex_forest_diagonal, infiniplex_forest_end_3,
          shapermc_ecumenical_altar_mp_ritualfount, minmay_misc_feat_chi,
          guppyfry_early_orc_mine, uniq_sigmund
D:3:      layout_basic, serial_forest, infiniplex_forest_lined_corner,
          infiniplex_forest_clump_small, infiniplex_forest_zigzag_1,
          infiniplex_forest_straight_4, infiniplex_forest_clump_cross,
          infiniplex_forest_zigzag_1, infiniplex_forest_clump_cross,
          uniq_crazy_yiuf_cottage, uniq_natasha
D:4:      layout_rooms, nrook_loot_triangle, grunt_ministairs_12,
          kennysheep_generic_room_10, uniq_blork_the_orc, uniq_pikel
D:5:      layout_basic, gup_sewer_entry_glass, minmay_holes
D:6:      layout_loops_ring, zin_statuary, st_stairs_5
D:7:      kennysheep_windowed_halls, layout_loops_ring,
          grunt_temple_overflow_open, minmay_temple_entry_slanted, uniq_joseph,
          uniq_maggie
D:8:      layout_gridville, hellmonk_ghost_big_iron,
          chequers_serial_rivers_marsh, nicolae_shop_fire_sale
          [nicolae_sub_dead_trees], minmay_misc_feat_rows
D:9:      layout_gridville, due_lair_maze_entry_diamond, serial_glass,
          glass_columns_a, glass_columns_b, glass_columns_a, glass_columns_c,
          uniq_maurice
Lair:1:   layout_loops_ring, uniq_grum
Lair:2:   dreamdust_labyrinth, layout_cave_pods, minmay_shoals_entry_beasts
Shoals:1: cheibrodos_shoals_satyrical_garden, layout_shoals,
          nicolae_shoals_goliath_grotto

Skill      XL: |  1  2  3  4  5  6  7  8  9 10 11 12 |
---------------+-------------------------------------+-----
Fighting       | 4 5 6 7 8 10 11 | 11.9
Axes           | 4 5 7 9 11 13 15 16 | 16.5
Dodging        | 3 4 5 6 7 |  7.6
Stealth        | 1 2 3 |  3.6
Armour         | 4 5 6 8 9 10 | 10.6
Bows           | 1 |  1.0
Unarmed Combat | 2 |  2.4

Action                   |  1- 3 |  4- 6 |  7- 9 | 10-12 || total
-------------------------+-------+-------+-------+-------++-------
Melee: Hand axe          |    73 |   109 |   218 |       ||   400
       Headbutt          |     5 |    22 |    50 |    62 ||   139
       Punch             |       |     2 |     5 |     1 ||     8
       War axe           |       |       |    49 |    45 ||    94
       Battleaxe         |       |       |       |   220 ||   220
       Unarmed           |       |       |       |    19 ||    19
 Fire: Shortbow          |       |       |     3 |       ||     3
Throw: Dart              |       |       |       |     1 ||     1
Invok: Berserk           |     2 |     1 |     8 |    17 ||    28
       Brothers in Arms  |       |       |     2 |       ||     2
       Trog's Hand       |       |       |       |     4 ||     4
Evoke: Wand              |       |       |       |     1 ||     1
  Use: Scroll            |       |       |    10 |    10 ||    20
       Potion            |       |       |     1 |       ||     1
 Stab: Sleeping          |       |     1 |       |     1 ||     2
Armor: Animal skin       |    12 |     2 |       |       ||    14
       Ring mail         |       |    15 |    97 |    30 ||   142
       Scale mail        |       |       |       |    65 ||    65
       Skin              |       |       |       |     5 ||     5
Dodge: Dodged            |    60 |    76 |   189 |   237 ||   562
